 Dungeon Crawl Stone Soup version 0.22.1-2-g9c5b331 (webtiles) character file.

105 Haldmier the Insei (level 4, -3/22 HPs)
             Began as a Vine Stalker Transmuter on Nov 24, 2018.
             Slain by an ogre
             ... wielding a +0 giant club
              (11 damage)
             ... on level 5 of the Dungeon.
             The game lasted 00:16:26 (2623 turns).

Haldmier the Insei (Vine Stalker Transmuter)        Turns: 2623, Time: 00:16:26

Health: -3/22      AC:  4    Str: 12    XL:     4   Next: 83%
Magic:  0/8        EV: 12    Int: 14    God:
Gold:   93         SH:  0    Dex: 18    Spells: 2/8 levels left

rFire    . . .     SeeInvis .     - Unarmed
rCold    . . .     Gourm    .   (no shield)
rNeg     . . .     Faith    .   c - +0 leather armour
rPois    .         Spirit   +   (no helmet)
rElec    .         Reflect  .   (no cloak)
rCorr    .         Harm     .   (no gloves)
MR       +....                  k - +0 pair of boots
Stlth    ++........             (no amulet)
HPRegen  0.47/turn              g - ring of protection from magic
MPRegen  0.11/turn              h - +3 ring of dexterity

@: very slightly contaminated
A: fangs 2, regeneration 1, magic shield, antimagic bite, no potion heal 3, rot
immunity
a: no special abilities


You were on level 5 of the Dungeon.
You were hungry.

You visited 1 branch of the dungeon, and saw 5 of its levels.

You collected 93 gold pieces.

Inventory:

Hand Weapons
 a - a +1 hunting sling
 i - a +0 spear of venom
Missiles
 e - 102 stones (quivered)
 n - 44 arrows
 t - 2 steel tomahawks
Armour
 b - a +0 robe
 c - a +0 leather armour (worn)
 k - a +0 pair of boots (worn)
 u - a +0 ring mail of fire resistance
Magical Staves
 o - an uncursed staff of death
Jewellery
 g - a ring of protection from magic (left hand)
 h - a +3 ring of dexterity (right hand)
Scrolls
 j - a scroll of teleportation {unknown}
 p - a scroll of identify
 r - a scroll of remove curse
Potions
 q - a potion of berserk rage {unknown}
 s - a potion of heal wounds {unknown}
 w - a potion of invisibility {unknown}
 x - a potion of flight
Comestibles
 d - 8 rations


   Skills:
 + Level 1.3 Fighting
 + Level 2.0 Dodging
 + Level 1.4 Stealth
 * Level 3.8 Unarmed Combat
 + Level 2.5 Spellcasting
 * Level 2.9 Transmutations
 + Level 0.1 Poison Magic


You had 2 spell levels left.
You knew the following spells:

 Your Spells              Type           Power        Failure   Level  Hunger
a - Beastly Appendage     Tmut           ##....       9%          1    #......
b - Sticks to Snakes      Tmut           ##......     13%         2    ###....
c - Spider Form           Tmut/Pois      #.........   41%         3    ###....

Your spell library contained the following spells:

 Spells                   Type           Power        Failure   Level  Hunger
 Ice Form                 Ice/Tmut       #.......     83%         4    #####..
 Blade Hands              Tmut           ##........   93%         5    ######.


Dungeon Overview and Level Annotations

Branches:
Dungeon (5/15)
 Temple: D:4-7

Altars:
Cheibriados
Elyvilon
Okawaru
Uskayaw

Shops:
D:5 *

Annotations:
D:3 Grinder


Innate Abilities, Weirdness & Mutations

You have extremely sharp teeth.
Your natural rate of healing is unusually fast.
When hurt, damage is shared between your health and your magic reserves.
Your bite disrupts and absorbs the magic of your enemies.
Potions cannot restore your health.
You are immune to rotting.


Message History

Confirm with . or Enter, or press ? or * to list all spells.
You create a snake!
You now have 45 arrows.
Your ball python bites the ogre.
Casting: Sticks to Snakes (safe; 13% risk of failure)
Confirm with . or Enter, or press ? or * to list all spells.
You create a snake!
You now have 44 arrows.
Your ball python barely misses the ogre.
Your ball python bites the ogre.
You hit the ogre. Your bite misses the ogre.
The ogre is moderately wounded.
Your ball python barely misses the ogre.
The ogre hits you with a giant club!
Ouch! That really hurt!
Your ball python barely misses the ogre.
Your ball python bites the ogre.
Your ball python bites the ogre.
Your ball python closely misses the ogre.
Your ball python bites the ogre.
The ogre hits you with a giant club!
Ouch! That really hurt!
You die...

.... ##+###...
#..!.... #......
#.....# ..... #..∩..#
..... #.....# ......
#.....#### ......
#+##..SS@#..##.....#
........O.#.........#
........S.#..........
..........'..........
..........#.<##..##+#
.........##..#####
....>....#.......#
.........+.......#
........#.......#


You could see an ogre and 3 friendly ball pythons.

Vanquished Creatures
  A hound skeleton (D:4)
  2 adders
  A shadow imp (D:3)
  2 oozes
  A worm (D:2)
  2 leopard geckos
  3 orcs
  4 giant cockroaches
  4 goblins
  3 hobgoblins (D:1)
  5 kobolds
  3 quokkas
  A ball python (D:1)
  6 bats
  4 frilled lizards
  4 rats
46 creatures vanquished.

Vanquished Creatures (collateral kills)
  2 worms (D:3)
  A giant cockroach (D:2)
3 creatures vanquished.

Grand Total: 49 creatures vanquished

Notes
Turn   | Place    | Note
-------+----------+-------------------------------------------
     0 | D:1      | Haldmier the Vine Stalker Transmuter began the quest for
                  | the Orb.
     0 | D:1      | Reached XP level 1. HP: 9/9 MP: 4/4
   109 | D:1      | Reached skill level 1 in Fighting
   145 | D:1      | Reached XP level 2. HP: 14/14 MP: 4/6
   151 | D:1      | Learned a level 2 spell: Sticks to Snakes
  1124 | D:2      | Reached XP level 3. HP: 14/18 MP: 3/7
  1231 | D:2      | Found a hide-covered altar of Uskayaw.
  1249 | D:2      | Found a snail-covered altar of Cheibriados.
  1249 | D:2      | Found an iron altar of Okawaru.
  1261 | D:2      | Reached skill level 1 in Stealth
  1768 | D:3      | Found a white marble altar of Elyvilon.
  1817 | D:3      | Gained mutation: Your natural rate of healing is unusually
                  | fast. [Vine Stalker growth]
  1817 | D:3      | Reached XP level 4. HP: 20/22 MP: 5/8
  2119 | D:3      | Noticed Grinder
  2297 | D:4      | Learned a level 3 spell: Spider Form
  2414 | D:4      | Noticed a centaur
  2451 | D:5      | Entered Level 5 of the Dungeon
  2611 | D:5      | Found Iloew's Assorted Antiques.
  2614 | D:5      | Noticed an ogre
  2623 | D:5      | Slain by an ogre

Skill      XL: |  1  2  3  4 |
---------------+-------------+-----
Fighting       | 1 |  1.3
Stealth        | 1 |  1.4
Dodging        | 2 |  2.0
Unarmed Combat | |  3.8
Spellcasting   | |  2.5
Transmutations | |  2.9
Poison Magic   | |  0.1

Action                   |  1- 3 |  4- 6 || total
-------------------------+-------+-------++-------
Melee: Unarmed           |    94 |    38 ||   132
       Bite              |    18 |    14 ||    32
       Kick              |     3 |       ||     3
       Headbutt          |    15 |     5 ||    20
       Punch             |       |     1 ||     1
 Fire: Hunting sling     |       |     2 ||     2
Throw: Stone             |     7 |     4 ||    11
 Cast: Beastly Appendage |    28 |     7 ||    35
       Sticks to Snakes  |     3 |     4 ||     7
  Use: Scroll            |       |     9 ||     9
       Potion            |       |     1 ||     1
 Stab: Sleeping          |     4 |     1 ||     5
  Eat: Chunk             |     4 |     2 ||     6
Armor: Leather armour    |    17 |     7 ||    24
Dodge: Dodged            |    53 |    19 ||    72
